 Dungeon Crawl Stone Soup version 0.31.0-32-g396128a36d (webtiles) character file.

Game seed: 5825431098578755734

170 boopmooplesden the Covered (level 5, -1/45 HPs)
             Began as an Armataur Fighter on Apr 18, 2024.
             Slain by an orc
             ... wielding a +0 hand axe
              (2 damage)
             ... on level 3 of the Dungeon.
             The game lasted 00:03:59 (2190 turns).

boopmooplesden the Covered (Armataur Fighter)       Turns: 2190, Time: 00:03:59

Health: -1/45      AC: 10    Str: 21    XL:     5   Next: 25%
Magic:  5/5        EV:  6    Int:  8    God:
Gold:   146        SH:  5    Dex: 12    Spells: 4/4 levels left

rFire   . . .        a - +0 long sword
rCold   + . .        c - +0 buckler
rNeg    . . .        k - +0 chain mail
rPois   .            d - +1 helmet
rElec   .            (no cloak)
rCorr   .            (no gloves)
SInv    .            (no barding)
Will    .....        p - amulet of the acrobat Stlth
                     r - ring of protection from cold
HPRegen 0.27/turn    (no ring)
MPRegen 0.09/turn

%: acrobat, roll
@: no status effects
A: large, deformed body, tough skin 3, armoured tail, roll 1
a: no special abilities


You were on level 3 of the Dungeon.
You visited 1 branch of the dungeon, and saw 3 of its levels.

You collected 146 gold pieces.

Inventory:

Hand Weapons
 a - a +0 long sword (weapon)
 b - a +0 sling
 j - a +3 whip
 n - a +2 whip of freezing
 s - a +4 whip of venom
Armour
 c - a +0 buckler (worn)
 d - a +1 helmet (worn)
 h - a +0 scale mail
 k - a +0 chain mail (worn)
 l - a +0 plate armour
Jewellery
 e - a ring of positive energy
 p - an amulet of the acrobat (around neck)
 r - a ring of protection from cold (left hand)
Scrolls
 f - a scroll of fear {unknown}
 g - a scroll of revelation {unknown}
Potions
 i - a potion of enlightenment
 m - a potion of attraction
 o - a potion of lignification {unknown}
 q - a potion of might
 t - a potion of curing
 u - 2 potions of heal wounds {unknown}


   Skills:
 + Level 3.3 Fighting
 + Level 3.3 Long Blades
 + Level 0.4 Ranged Weapons
 + Level 4.5 Armour
 + Level 0.2 Dodging
 + Level 4.0 Shields


You had 4 spell levels left.
You didn't know any spells.
Your spell library contained the following spells:

 Spells                   Type           Power      Damage    Failure   Level
 Scorch                   Fire           0%         2d5       99%         2
 Tukima's Dance           Hex            0%         N/A       100%        3
 Dimensional Bullseye     Hex/Tloc       0%         N/A       100%        4
 Flame Wave               Conj/Fire      0%         2d4       100%        4
 Iskenderun's Mystic Bla  Conj/Tloc      0%         2d3       100%        4
 Summon Cactus Giant      Summ           0%         N/A       100%        6


Dungeon Overview and Level Annotations

Branches:
Dungeon (3/15)

Altars:
Ashenzari

Shops:
D:3 (


Innate Abilities, Weirdness & Mutations

Armour fits poorly on your strangely shaped body.
You have extremely tough skin. (AC +3)
You have a long armoured tail.
You regenerate magic when rolling toward enemies. (Rampage MPRegen)


Message History

The orc completely misses you.
You completely miss the orc priest.
The orc priest is heavily wounded.
The orc priest looks encouraged for a moment.
You block the orc's attack.
You hit the orc priest.
The orc priest is severely wounded.
The orc priest hits you but does no damage.
The orc hits you but does no damage.
You hit the orc priest.
The orc priest is almost dead.
The orc priest hits you but does no damage.
The orc completely misses you.
The orc priest calls down the wrath of Beogh upon you.
Pain shoots through your body!
* * * LOW HITPOINT WARNING * * *
The orc completely misses you.
You barely miss the orc priest.
Your tail-slap misses the orc priest.
The orc priest is almost dead.
The orc priest hits you but does no damage.
The orc hits you with a +0 hand axe.
* * * LOW HITPOINT WARNING * * *
You barely miss the orc priest. You tail-slap the orc priest.
You kill the orc priest!
The orc hits you with a +0 hand axe.
* * * LOW HITPOINT WARNING * * *
The orc attacks as it pursues you! The orc misses you.
Things that are here:
a +0 short sword; an orc corpse You closely miss the orc.
The orc hits you with a +0 hand axe.
* * * LOW HITPOINT WARNING * * *
You hit the orc.
The orc is almost dead.
The orc hits you with a +0 hand axe.
* * * LOW HITPOINT WARNING * * *
The orc barely misses you.
You barely miss the orc.
The orc is severely wounded.
The orc hits you with a +0 hand axe.
You die...

#..o......#...............[.#.
...o.?...o#.................#.
...#..###o..................#♣
## ##..........###.###.#.
#.o........#...# .#§
#..........#.#######.
#..........#.##....#♣
##.########.. #....#§ #..@#
#.###....#.
..######o######........#~
..(..............##....##
........).##....###......
...........#....###......
....<......#.............
...........#....#########
...........#....#
...........#....#


You could see an orc.

Vanquished Creatures
  An orc priest (D:3)
  A jelly (D:3)
  Natasha (D:2)
  Robin (D:2)
  2 adders (D:2)
  A ribbon worm (D:3)
  3 orcs (D:3)
  5 bats
  2 endoplasms
  2 giant cockroaches (D:1)
  13 goblins
  5 hobgoblins
  9 ball pythons
  3 frilled lizards
  3 kobolds
  4 rats
56 creatures vanquished.

Notes
Turn   | Place    | Note
-------+----------+-------------------------------------------
     0 | D:1      | boopmooplesden the Armataur Fighter began the quest for the
                  | Orb.
     0 | D:1      | Reached XP level 1. HP: 18/18 MP: 1/1
   381 | D:1      | Reached XP level 2. HP: 25/25 MP: 2/2
   651 | D:2      | Noticed Robin
   671 | D:2      | Killed Robin
   672 | D:2      | Reached XP level 3. HP: 22/31 MP: 3/3
   675 | D:2      | Found a faded altar of an unknown god.
  1360 | D:2      | Noticed Natasha
  1369 | D:2      | Killed Natasha
  1370 | D:2      | Reached XP level 4. HP: 31/38 MP: 4/4
  1768 | D:3      | Found Cyurr's Antique Weapon Shop.
  1961 | D:3      | Found a broken altar of Ashenzari.
  1965 | D:3      | Saw a vision of the Swamp and the Snake Pit.
  1965 | D:3      | Noticed an anaconda
  1965 | D:3      | Noticed a bloated husk
  1965 | D:3      | Noticed a mana viper
  1965 | D:3      | Noticed a bunyip
  1966 | D:3      | Noticed a black mamba
  1967 | D:3      | Noticed an eleionoma
  1968 | D:3      | Noticed a swamp dragon
  1968 | D:3      | Noticed a spriggan rider
  1968 | D:3      | Noticed a tyrant leech
  1968 | D:3      | Noticed a shambling mangrove
  1968 | D:3      | Noticed a will-o-the-wisp
  2175 | D:3      | Reached XP level 5. HP: 39/45 MP: 5/5
  2189 | D:3      | HP: 1/45 [orc/+0 hand axe (5)]
  2190 | D:3      | Slain by an orc

Illustrated notes

Levels and vault maps discovered:
D:1:      dpeg_arrival_chambers_temple_mockup, layout_rooms
D:2:      layout_loops_corners, ebering_ecumenical_altar_box,
          grunt_ministairs_9, amcnicky_mini_corridor_feature, uniq_natasha,
          uniq_robin
D:3:      layout_rooms, grunt_ashenzari_visionary
          [grunt_ashenzari_visionary_swamp, grunt_ashenzari_visionary_snake],
          mainiacjoe_overflow_tiny_flanked, serial_shops, shop, st_stairs_2

Skill      XL: |  1  2  3  4 |
---------------+-------------+-----
Long Blades    | 2 3 |  3.3
Fighting       | 3 |  3.3
Armour         | 4 |  4.5
Shields        | 4 |  4.0
Ranged Weapons | |  0.4
Dodging        | |  0.2

Action                     |  1- 3 |  4- 6 || total
---------------------------+-------+-------++-------
  Melee: Long sword        |    85 |    62 ||   147
         Tailslap          |     4 |    11 ||    15
   Fire: Sling             |    23 |       ||    23
    Use: Potion            |     3 |       ||     3
         Scroll            |       |     6 ||     6
 Armour: Scale mail        |    65 |       ||    65
         Chain mail        |    32 |    43 ||    75
  Dodge: Dodged            |    46 |    27 ||    73
  Block: Buckler           |    28 |     8 ||    36
